 Dungeon Crawl Stone Soup version 0.24-a0-429-g4608c8fa30 (webtiles) character file.

Game seed: 6081314971275803932

3727 Azzok the Cleaver (level 10, -6/70 HPs)
             Began as a Formicid Berserker on June 13, 2019.
             Was an Elder of Trog.
             Mangled by a killer bee (7 damage)
             ... on level 8 of the Dungeon.
             The game lasted 00:13:08 (10219 turns).

Azzok the Cleaver (Formicid Berserker)             Turns: 10219, Time: 00:13:09

Health: -6/70      AC: 11    Str: 26    XL:     10   Next: 36%
Magic:  13/13      EV: 14    Int:  6    God:    Trog [****..]
Gold:   402        SH: 12    Dex: 18    Spells: 9/9 levels left

rFire    + . .     SeeInvis +   l - +0 dagger (elec)
rCold    . . .     Gourm    .   o - +0 shield (curse)
rNeg     . . .     Faith    .   n - +1 chain mail {rF+}
rPois    .         Spirit   .   (helmet unavailable)
rElec    .         Reflect  .   (no cloak)
rCorr    .         Harm     .   s - +1 pair of gloves
MR       +....                  (no boots)
Stlth    ..........             (no amulet)
HPRegen  0.21/turn              g - +3 ring of dexterity
MPRegen  0.13/turn              (no ring)

@: agile, lethally poisoned (-6 -> -7)
A: permanent stasis, dig shafts and tunnels, four strong arms, antennae 3
a: Dig, Shaft Self, Trog's Hand, Brothers in Arms, Renounce Religion


You were on level 8 of the Dungeon.
You worshipped Trog.
Trog was greatly pleased with you.
You were very hungry.

You visited 2 branches of the dungeon, and saw 9 of its levels.

You collected 402 gold pieces.

Inventory:

Hand Weapons
 a - a +0 hand axe
 l - a +0 dagger of electrocution (weapon)
Armour
 n - a +1 chain mail of fire resistance (worn)
 o - a cursed +0 shield (worn)
 s - a +1 pair of gloves (worn)
Jewellery
 g - a +3 ring of dexterity (left hand)
Wands
 q - a wand of flame (8)
Scrolls
 b - 3 scrolls of teleportation {unknown}
 d - 3 scrolls of immolation
 e - a scroll of fear {unknown}
 f - 8 scrolls of remove curse
 i - a scroll of torment {unknown}
 p - a scroll of identify
 r - a scroll of enchant weapon {unknown}
Potions
 h - 2 potions of cancellation
 k - 2 potions of lignification
 m - 2 potions of agility
Comestibles
 c - 5 rations


   Skills:
 - Level 3.2 Fighting
 + Level 11.5 Axes
 - Level 2.1 Armour
 - Level 1.7 Dodging
 - Level 9.0 Shields
 + Level 4.3 Evocations


You had 9 spell levels left.
You didn't know any spells.
Your spell library was empty.

Dungeon Overview and Level Annotations

Branches:
Dungeon (8/15)             Temple (1/1) D:5
   Lair: D:8-11

Altars:
Ashenzari
Dithmenos
Elyvilon
Fedhas
Gozag
Makhleb
Nemelex Xobeh
Okawaru
Qazlal
Ru
Sif Muna
Uskayaw
Vehumet
Wu Jian
Xom
Zin

Annotations:
D:3 3 runed translucent doors, emperorscorpion's ghost, weakling DsCK


Innate Abilities, Weirdness & Mutations

You cannot be hasted, slowed, berserked, paralysed or teleported.
You can dig through walls and to a lower floor.
Your four strong arms can wield two-handed weapons with a shield.
You have a pair of large antennae on your head. (SInv)


Message History

You block the killer bee's attack. x3
You hit the killer bee.
Lightning courses through the killer bee!
The killer bee is almost dead.
You feel less wooden.
Your +1 pair of gloves unmelds from your body.
Your +1 chain mail of fire resistance unmelds from your body.
You feel resistant to fire.
You feel sick.
The killer bee stings you but does no damage.
The killer bee barely misses you. x2
The killer bee stings you but does no damage.
You miss the killer bee.
The killer bee is almost dead.
The killer bee barely misses you. You block the killer bee's attack. x3
You barely miss the killer bee.
The killer bee is almost dead.
You block the killer bee's attack. x2; The killer bee stings you!
* * * LOW HITPOINT WARNING * * *
The killer bee stings you!
You die...

▒ ▒▒▒·· ▒
··▒▒·▒▒▒▒▒····· ·· ▒
?······(···▒ ▒·▒▒▒▒
▒·$···▒ ▒····· ▒·▒··▒▒
▒····· { ▒y▒▒··▒ ▒▒▒▒·
{▒y▒ ▒▒·▒ ▒▒▒ ▒▒ {▒·▒
▒y▒ ▒·· ▒ ▒y▒ ▒@▒ ▒·▒ ▒
▒y▒ ▒▒y▒▒▒·▒ ▒▒ ▒▒
▒·▒yyy▒▒·▒ ▒▒·
▒·yyy···▒▒▒▒ ▒▒··
▒····▒▒▒·▒▒·▒▒ ▒▒···
·······▒▒▒·▒···▒▒▒▒·^··
··················'····
··▒▒·▒▒▒▒▒▒·▒···▒▒▒▒····
·· ▒· ▒·▒▒·▒▒ ▒▒···


You could see 8 killer bees.

Vanquished Creatures
  Joseph (D:7)
  A queen bee (D:8)
  Grinder (D:6)
  Prince Ribbit (D:7)
  A shadow (D:8)
  Eustachio (D:5)
  An ice beast (D:8)
  An orc warrior (D:6)
  A sky beast (D:7)
  A phantom (D:7)
  2 ogres
  A necrophage (D:7)
  5 centaurs
  Blork the orc (D:6)
  A bullfrog (D:7)
  2 water moccasin skeletons
  A scorpion (D:7)
  3 killer bees (D:8)
  A howler monkey (D:6)
  4 crimson imps
  A bullfrog skeleton (D:7)
  A centaur zombie (D:6)
  A centaur skeleton (D:6)
  6 orc wizards
  5 orc priests
  A jelly (D:6)
  2 hounds
  An iguana (D:7)
  4 worker ants
  Robin (D:4)
  7 gnolls
  A howler monkey skeleton (D:6)
  12 adders
  An adder skeleton (D:6)
  2 worms
  5 dart slugs
  4 leopard geckos
  14 orcs
  7 bats
  6 giant cockroaches
  13 goblins
  7 hobgoblins
  3 jackals (D:2)
  3 quokkas
  A ball python (D:1)
  3 frilled lizards
  6 kobolds
  2 quokka skeletons (D:4)
  7 rats
158 creatures vanquished.

Vanquished Creatures (collateral kills)
  2 killer bees (D:8)
2 creatures vanquished.

Vanquished Creatures (others)
  5 dream sheep (D:7)
5 creatures vanquished.

Grand Total: 165 creatures vanquished

Notes
Turn   | Place    | Note
-------+----------+-------------------------------------------
     0 | D:1      | Azzok the Formicid Berserker began the quest for the Orb.
     0 | D:1      | Reached XP level 1. HP: 18/18 MP: 1/1
   290 | D:1      | Reached XP level 2. HP: 20/24 MP: 2/2
   828 | D:1      | Reached skill level 4 in Axes
   828 | D:1      | Reached XP level 3. HP: 29/29 MP: 3/3
  1331 | D:2      | Found a faded altar of an unknown god.
  1855 | D:2      | Reached XP level 4. HP: 26/35 MP: 4/4
  2180 | D:2      | Reached ** piety under Trog
  2180 | D:2      | Reached skill level 5 in Axes
  2469 | D:2      | Reached XP level 5. HP: 35/41 MP: 5/5
  2782 | D:3      | Found a runed translucent gate.
  2782 | D:3      | Found a runed translucent gate.
  3063 | D:3      | Noticed an ogre
  3087 | D:3      | Killed an ogre
  3087 | D:3      | Reached XP level 6. HP: 4/47 MP: 6/6
  3538 | D:3      | Reached skill level 6 in Axes
  3878 | D:3      | Found a runed translucent gate.
  3950 | D:3      | Noticed emperorscorpion's ghost (weakling DsCK)
  4366 | D:4      | Found a sparkling altar of Nemelex Xobeh.
  4499 | D:4      | Reached XP level 7. HP: 48/52 MP: 7/7
  4907 | D:4      | Noticed Robin
  5140 | D:4      | Reached *** piety under Trog
  5155 | D:4      | Killed Robin
  5465 | D:5      | Entered Level 5 of the Dungeon
  5523 | D:5      | Noticed Eustachio
  5540 | D:5      | Killed Eustachio
  5540 | D:5      | Reached skill level 7 in Axes
  5540 | D:5      | Reached skill level 5 in Shields
  5713 | D:5      | Found a staircase to the Ecumenical Temple.
  5741 | Temple   | Entered the Ecumenical Temple
  5750 | Temple   | Reached XP level 8. HP: 16/58 MP: 8/8
  6225 | D:5      | Found a deep blue altar of Sif Muna.
  6759 | D:6      | Reached skill level 8 in Axes
  6887 | D:6      | Noticed Blork the orc
  6924 | D:6      | Killed Blork the orc
  7082 | D:6      | Noticed Grinder
  7087 | D:6      | Killed Grinder
  7087 | D:6      | Reached XP level 9. HP: 46/64 MP: 9/9
  7216 | D:6      | Reached skill level 9 in Axes
  7584 | D:6      | Reached **** piety under Trog
  8332 | D:7      | Noticed Joseph
  8377 | D:7      | Noticed Prince Ribbit
  8646 | D:7      | Reached skill level 10 in Axes
  8986 | D:7      | Found a stormy altar of Qazlal.
  9215 | D:7      | Killed Prince Ribbit
  9436 | D:6      | Reached XP level 10. HP: 56/70 MP: 10/10
  9532 | D:7      | Killed Joseph
  9532 | D:7      | Reached skill level 11 in Axes
  9752 | D:7      | Found a shimmering altar of Xom.
 10219 | D:8      | HP: 1/70 [killer bee (7)]
 10219 | D:8      | Mangled by a killer bee

Levels and vault maps discovered:
D:1:      co_arrival_square_in_a_square_in_a_square, layout_loops_ring
D:2:      layout_basic, chequers_ecumenical_altar_simple_redux
D:3:      layout_basic, gammafunk_ghost_necromancy, first_ration
D:4:      layout_rooms, nemelex_altar_shiori, uniq_robin
D:5:      layout_basic, led_sif_pool, minmay_temple_entry_glass, uniq_eustachio
D:6:      layout_loops_ring, minmay_increasing_density, uniq_grinder,
          uniq_blork_the_orc
D:7:      layout_layer_cave, overflow_temple_1_default, kb_xom_exploding_sheep,
          uniq_joseph, uniq_prince_ribbit1
D:8:      layout_loops_corners, david_nohive_1, uniq_psyche
Temple:   nicolae_temple_x_marks_the_god

Skill      XL: |  1  2  3  4  5  6  7  8  9 10 |
---------------+-------------------------------+-----
Axes           | 4 5 6 7 8 10 11 | 11.5
Shields        | 2 3 5 7 9 |  9.0
Evocations     | 4 |  4.3
Fighting       | |  3.2
Armour         | |  2.1
Dodging        | |  1.7

Action                   |  1- 3 |  4- 6 |  7- 9 | 10-12 || total
-------------------------+-------+-------+-------+-------++-------
Melee: Hand axe          |   105 |    89 |       |       ||   194
       Dagger            |       |   110 |   446 |    92 ||   648
Invok: Trog's Hand       |       |     1 |     2 |     1 ||     4
       Brothers in Arms  |       |       |       |     1 ||     1
  Use: Scroll            |       |     8 |     2 |       ||    10
       Potion            |       |       |       |     5 ||     5
 Stab: Sleeping          |     3 |       |       |       ||     3
  Eat: Chunk             |     2 |     6 |    13 |     3 ||    24
       Ration            |       |     1 |     1 |       ||     2
Armor: Animal skin       |     6 |       |       |       ||     6
       Leather armour    |    14 |     2 |       |       ||    16
       Chain mail        |       |   103 |   203 |    16 ||   322
       Skin              |       |       |       |    64 ||    64
Dodge: Dodged            |    87 |    82 |   184 |    39 ||   392
Block: Shield            |       |       |    93 |   117 ||   210

Table legend:
 A = Non-vault XP
 B = Vault XP
 C = Vault XP percentage of total XP
 D = Non-vault monster count
 E = Vault monster count
 F = Vault count percentage of total count
                 A         B        C        D         E       F
            +---------+---------+-------+---------+---------+-------
      Total |    3277 |    2048 |  38.5 |     132 |      28 |  17.5
            +---------+---------+-------+---------+---------+-------
        D:1 |      32 |       0 |   0.0 |      16 |       0 |   0.0
        D:2 |     110 |       0 |   0.0 |      23 |       0 |   0.0
        D:3 |     216 |      16 |   6.9 |      21 |       8 |  27.6
        D:4 |     302 |      24 |   7.4 |      17 |       5 |  22.7
        D:5 |     260 |     191 |  42.4 |      10 |       1 |   9.1
        D:6 |     801 |     598 |  42.7 |      22 |       6 |  21.4
        D:7 |    1025 |     726 |  41.5 |      15 |       2 |  11.8
        D:8 |     419 |     493 |  54.1 |       3 |       6 |  66.7
     Temple |     112 |       0 |   0.0 |       5 |       0 |   0.0
            +---------+---------+-------+---------+---------+-------
